 Dungeon Crawl Stone Soup version 0.28-a0-872-g80cf8599ee (webtiles) character file.

Game seed: 18291685251672146974

106 jbasstz the Slasher (level 5, -1/42 HPs)
             Began as a Human Berserker on Nov 20, 2021.
             Was a Believer of Trog.
             Frozen to death by an endoplasm (2 damage)
             ... on level 3 of the Dungeon.
             The game lasted 00:06:15 (3575 turns).

jbasstz the Slasher (Human Berserker)               Turns: 3575, Time: 00:06:16

Health: -1/42      AC:  4    Str: 17    XL:     5   Next: 10%
Magic:  5/5        EV: 12    Int:  8    God:    Trog [**....]
Gold:   116        SH:  0    Dex: 13    Spells: 4/4 levels left

rFire   . . .      SeeInvis .   a - +0 falchion
rCold   . . .      Faith    .   (no shield)
rNeg    . . .      Spirit   .   f - +2 robe {Will+}
rPois   .          Reflect  .   (no helmet)
rElec   .          Harm     .   (no cloak)
rCorr   .          Rampage  .   (no gloves)
Will    +....                   (no boots)
Stlth   ++........              (no amulet)
HPRegen 0.14/turn               (no ring)
MPRegen 0.09/turn               (no ring)

@: no status effects
A: no striking features
a: Renounce Religion, Berserk, Trog's Hand


You were on level 3 of the Dungeon.
You worshipped Trog.
Trog was pleased with you.
You visited 1 branch of the dungeon, and saw 4 of its levels.

You collected 116 gold pieces.

Inventory:

Hand Weapons
 a - a +0 falchion (weapon)
Missiles
 o - a throwing net (quivered)
Armour
 b - a +0 animal skin
 f - a +2 robe of willpower (worn)
Jewellery
 h - a ring of willpower
Scrolls
 c - a scroll of holy word {unknown}
 d - a scroll of silence {unknown}
 e - 2 scrolls of torment {unknown}
 g - a scroll of enchant armour {unknown}
 j - a scroll of identify {unknown}
 m - 2 scrolls of vulnerability {unknown}
 n - 3 scrolls of teleportation {unknown}
Potions
 i - 4 potions of lignification {unknown}
 k - a potion of attraction {unknown}
 l - a potion of haste {unknown}
 p - a potion of heal wounds {unknown}
 q - 2 potions of curing {unknown}


   Skills:
 + Level 3.7 Fighting
 + Level 4.3 Long Blades
 + Level 2.0 Armour
 + Level 2.3 Dodging
 + Level 1.3 Stealth


You had 4 spell levels left.
You didn't know any spells.
Your spell library contained the following spells:

 Spells                   Type           Power      Damage    Failure   Level
 Slow                     Hex            0%         N/A       41%         1
 Confusing Touch          Hex            0%         N/A       78%         3
 Vampiric Draining        Necr           0%         2d6       78%         3


Dungeon Overview and Level Annotations

Branches:
Dungeon (4/15)
 Temple: D:4-7

Altars:
Cheibriados

Shops:
D:3 ?   D:4 =[


Message History

* * * LOW HITPOINT WARNING * * *
You closely miss the orc priest.
The orc priest is heavily wounded.
The endoplasm freezes you.
You are frozen.
* * * LOW HITPOINT WARNING * * *
The orc priest hits you but does no damage.
You closely miss the orc priest.
The orc priest is heavily wounded.
The endoplasm closely misses you. The orc priest closely misses you.
You closely miss the orc priest.
The orc priest is heavily wounded.
The endoplasm freezes you.
You are frozen.
* * * LOW HITPOINT WARNING * * *
The orc priest hits you with a +0 flail.
* * * LOW HITPOINT WARNING * * *
The endoplasm freezes you.
You are frozen.
* * * LOW HITPOINT WARNING * * *
You closely miss the orc priest.
The orc priest is heavily wounded.
The orc priest barely misses you.
The endoplasm hits you but does no damage.
You hit the orc priest but do no damage.
The orc priest is heavily wounded.
The orc priest completely misses you. The endoplasm closely misses you.
You barely miss the orc priest.
The orc priest is heavily wounded.
The orc priest closely misses you. The endoplasm misses you.
You hit the orc priest but do no damage.
The orc priest is heavily wounded.
The orc priest misses you. The endoplasm hits you.
* * * LOW HITPOINT WARNING * * *
You hit the orc priest but do no damage.
The orc priest is heavily wounded.
The orc priest barely misses you. The endoplasm freezes you.
You are frozen.
You die...

######### ###.......######## #
##...≈≈≈≈≈...#....# #
#..≈≈≈≈≈≈≈≈≈......# #
..#≈≈≈≈≈≈≈≈≈#.....###############
..####≈≈≈≈≈##...@o+.............'
.#.#.#≈≈≈≈##.#..J.#........######
≈##..#≈≈≈##.##≈...#........######
≈#...#≈≈≈#.##≈≈...'..............
≈###.#####.##≈≈..##........####..
≈≈#.........#≈≈..########### #..
≈≈#####.#####≈≈..##############..
.≈≈≈≈≈#.#≈≈≈≈≈...#............#..
.≈≈≈≈≈#.#≈≈≈≈≈.#.#.##########.#..


You could see an orc priest and an endoplasm.

Vanquished Creatures
  A jelly (D:3)
  3 adders
  2 dart slugs
  An orc (D:4)
  7 ball pythons
  An endoplasm (D:3)
  2 giant cockroaches (D:2)
  6 goblins
  7 hobgoblins
  A quokka (D:3)
  4 bats
  5 frilled lizards
40 creatures vanquished.

Notes
Turn   | Place    | Note
-------+----------+-------------------------------------------
     0 | D:1      | jbasstz the Human Berserker began the quest for the Orb.
     0 | D:1      | Reached XP level 1. HP: 18/18 MP: 1/1
   236 | D:1      | Reached XP level 2. HP: 24/24 MP: 2/2
   870 | D:2      | Reached XP level 3. HP: 22/29 MP: 3/3
  1928 | D:2      | Found a snail-covered altar of Cheibriados.
  1976 | D:3      | Reached skill level 1 in Stealth
  2199 | D:3      | Reached XP level 4. HP: 5/36 MP: 4/4
  2202 | D:3      | HP: 1/36 [poisoned by an adder]
  2790 | D:3      | Reached skill level 4 in Long Blades
  2912 | D:3      | Found Ufiushe's Magic Scroll Emporium.
  3200 | D:3      | Reached ** piety under Trog
  3201 | D:3      | Reached XP level 5. HP: 19/42 MP: 5/5
  3505 | D:4      | Found Xowunem's Jewellery Emporium.
  3510 | D:4      | Found Alaalimourph's Antique Armour Emporium.
  3570 | D:3      | HP: 1/42 [frozen (3)]
  3575 | D:3      | Frozen to death by an endoplasm

Illustrated notes

Levels and vault maps discovered:
D:1:      kennysheep_arrival_forest, layout_loops_ring
D:2:      layout_basic, basic_altar
D:3:      layout_basic, serial_shops, nicolae_shop_trees, grunt_decor_junction
D:4:      layout_basic, serial_shops, shop_coins, shop, nicolae_diamond_shop

Skill      XL: |  1  2  3  4 |
---------------+-------------+-----
Stealth        | 1 |  1.3
Long Blades    | 4 |  4.3
Fighting       | |  3.7
Armour         | |  2.0
Dodging        | |  2.3

Action                   |  1- 3 |  4- 6 || total
-------------------------+-------+-------++-------
Melee: Falchion          |    82 |    54 ||   136
 Stab: Sleeping          |     3 |       ||     3
Armor: Robe              |    24 |    20 ||    44
Dodge: Dodged            |    46 |    38 ||    84

Table legend: (Time is in decaauts)
 A = Elapsed time spent in this place.
 B = Non-inter-level travel time spent in this place.
 C = Inter-level travel time spent in this place.
 D = Time resting spent in this place.
 E = Time spent auto-exploring this place.
 F = Levels seen in this place.
 G = Mean time per level.
                   A        B        C        D        E       F      G
               +--------+--------+--------+--------+--------+-----+--------+
         Total |   3591 |   3546 |     45 |    751 |   2220 |   4 |  897.8 |
       Dungeon |   3591 |   3546 |     45 |    751 |   2220 |   4 |  897.8 |
               +--------+--------+--------+--------+--------+-----+--------+

Top non-repeatable levels by time:
     D:3: 1547 daAuts
     D:2: 1302 daAuts
     D:1: 663 daAuts
     D:4: 76 daAuts
